 Dungeon Crawl Stone Soup version 0.22.0-5-gf09313c (webtiles) character file.

337 corax the Covered (level 6, -8/55 HPs)
             Began as a Minotaur Fighter on Aug 13, 2018.
             Mangled by an ogre
             ... wielding a cursed -2 giant spiked club
              (18 damage)
             ... on level 3 of the Dungeon.
             The game lasted 00:05:36 (2327 turns).

corax the Covered (Minotaur Fighter)                Turns: 2327, Time: 00:05:36

Health: -8/55      AC:  7    Str: 23    XL:     6   Next: 28%
Magic:  5/5        EV: 10    Int:  5    God:
Gold:   242        SH:  0    Dex:  9    Spells: 5/5 levels left

rFire    . . .     SeeInvis .   a - +0 war axe
rCold    . . .     Gourm    .   (no shield)
rNeg     . . .     Faith    .   b - +0 scale mail
rPois    .         Spirit   .   (helmet restricted)
rElec    .         Reflect  .   (no cloak)
rCorr    .         Harm     .   (no gloves)
MR       +....                  (no boots)
Stlth    ..........             r - amulet of magic regeneration
HPRegen  0.18/turn              o - ring of protection from magic
MPRegen  0.34/turn              (no ring)

@: no status effects
A: retaliatory headbutt, horns 2
a: no special abilities


You were on level 3 of the Dungeon.
You were near starving.

You visited 1 branch of the dungeon, and saw 5 of its levels.

You collected 242 gold pieces.

Inventory:

Hand Weapons
 a - a +0 war axe (weapon)
Missiles
 l - 70 arrows
Armour
 b - a +0 scale mail (worn)
 j - a +0 helmet
Jewellery
 o - a ring of protection from magic (left hand)
 r - an amulet of magic regeneration (around neck)
Scrolls
 c - 4 scrolls of remove curse {unknown}
 g - 4 scrolls of identify {unknown}
 h - a scroll of enchant armour {unknown}
 i - 2 scrolls of amnesia {unknown}
 k - 2 scrolls of blinking {unknown}
Potions
 d - a potion of might
 e - a potion of invisibility {unknown}
 m - a potion of heal wounds {unknown}
 n - 2 potions of brilliance {unknown}
 p - 2 potions of magic {unknown}
 q - 2 potions of curing {unknown}
Comestibles
 f - 8 rations


   Skills:
 + Level 4.8 Fighting
 + Level 5.2 Axes
 + Level 5.6 Armour
 + Level 2.2 Dodging
 + Level 0.1 Stealth
   Level 3.6 Shields


You had 5 spell levels left.
You didn't know any spells.
Your spell library was empty.

Dungeon Overview and Level Annotations

Branches:
Dungeon (5/15)
 Temple: D:4-7

Altars:
Cheibriados
Fedhas
Nemelex Xobeh
Qazlal
Ru
Sif Muna
Yredelemnul

Annotations:
D:3 Sigmund


Innate Abilities, Weirdness & Mutations

You reflexively headbutt those who attack you in melee.
You have a pair of horns on your head.


Message History

The orc wizard miscasts a cantrip.
The ogre closely misses you.
You slash the ogre!
The ogre is heavily wounded.
You slash the orc!
You kill the orc!
The ogre barely misses you.
You barely miss the ogre.
The ogre is heavily wounded.
You slash the orc!
You kill the orc!
The ogre hits you with a giant spiked club!!
* * * LOW HITPOINT WARNING * * *
You are too injured to fight recklessly!
Unknown command.
You are too injured to fight recklessly!
You barely miss the ogre.
The ogre is heavily wounded.
The ogre hits you with a giant spiked club!!
You die...

###.##
#.###
......
..... #.#
#.#
##..##
..... #.#
#.# #
......#.#
#.#
8...8.#.#
#.#
.....o#.#
#.#
....ooo.#
#.#
#..oooO)#
#.#
#@#####.#
#.......#
#.#######
o...
###.# #.#
..# ###


You could see an ogre, an orc priest, an orc wizard and 5 orcs.

Vanquished Creatures
  A phantom (D:5)
  A crimson imp (D:5)
  An orc priest (D:5)
  An orc wizard (D:5)
  A hound zombie (D:5)
  A hound skeleton (D:5)
  5 adders
  A shadow imp (D:5)
  An ooze (D:4)
  A worm (D:2)
  10 orcs
  2 giant cockroaches
  11 goblins
  9 hobgoblins
  10 kobolds
  A quokka (D:2)
  2 ball pythons
  4 bats
  4 frilled lizards
  A jackal skeleton (D:5)
  A quokka skeleton (D:5)
  6 rats
75 creatures vanquished.

Notes
Turn   | Place    | Note
-------+----------+-------------------------------------------
     0 | D:1      | corax the Minotaur Fighter began the quest for the Orb.
     0 | D:1      | Reached XP level 1. HP: 19/19 MP: 0/0
    95 | D:1      | Reached XP level 2. HP: 22/27 MP: 1/1
   654 | D:2      | Reached XP level 3. HP: 33/33 MP: 2/2
  1156 | D:2      | Reached XP level 4. HP: 36/40 MP: 3/3
  1520 | D:3      | Noticed Sigmund
  1619 | D:5      | Entered Level 5 of the Dungeon
  1654 | D:5      | Reached skill level 1 in Dodging
  1834 | D:5      | Noticed a phantom
  1858 | D:5      | Killed a phantom
  1858 | D:5      | Reached skill level 5 in Armour
  1858 | D:5      | Reached XP level 5. HP: 25/47 MP: 4/4
  1868 | D:5      | Found a sacrificial altar of Ru.
  1970 | D:5      | Reached skill level 5 in Axes
  2014 | D:5      | Found a snail-covered altar of Cheibriados.
  2014 | D:5      | Found a stormy altar of Qazlal.
  2015 | D:5      | Found a sparkling altar of Nemelex Xobeh.
  2015 | D:5      | Found a blossoming altar of Fedhas.
  2015 | D:5      | Found a basalt altar of Yredelemnul.
  2021 | D:5      | Reached XP level 6. HP: 34/53 MP: 5/5
  2094 | D:5      | Found a deep blue altar of Sif Muna.
  2327 | D:3      | Mangled by an ogre

Skill      XL: |  1  2  3  4  5 |
---------------+----------------+-----
Fighting       | 4 |  4.8
Armour         | 4 5 |  5.6
Axes           | 3 4 5 |  5.2
Dodging        | 2 |  2.2
Stealth        | |  0.1
Shields        | |  3.6

Action                   |  1- 3 |  4- 6 || total
-------------------------+-------+-------++-------
Melee: War axe           |   107 |    69 ||   176
       Headbutt          |    18 |    12 ||    30
  Eat: Chunk             |       |     3 ||     3
Armor: Scale mail        |    53 |    26 ||    79
Dodge: Dodged            |    64 |    49 ||   113
